 Dungeon Crawl Stone Soup version 0.31.0-11-ge490571c62 (webtiles) character file.

Game seed: 4007600765619351658

224 Zdeegee the Digger (level 5, -2/41 HPs)
             Began as a Draconian Earth Elementalist on Feb 3, 2024.
             Slain by a phantom (4 damage)
             ... on level 4 of the Dungeon.
             The game lasted 00:11:34 (2818 turns).

Zdeegee the Digger (Draconian Earth Elementalist)   Turns: 2818, Time: 00:11:35

Health: -2/41      AC:  6    Str: 10    XL:     5   Next: 67%
Magic:  2/9        EV: 12    Int: 17    God:
Gold:   143        SH:  0    Dex: 12    Spells: 6/10 levels left

rFire   . . .        r - +1 dagger (drain)
rCold   . . .        (no shield)
rNeg    . . .        (body armour unavailable)
rPois   .            (helmet restricted)
rElec   .            (no cloak)
rCorr   .            m - +0 pair of gloves
SInv    .            (no boots)
Will    +....        (no amulet)
Stlth   ++           (no ring)
HPRegen 0.26/turn    (no ring)
MPRegen 0.11/turn

%: no passive effects
@: enlightened, flying, very slightly contaminated
A: AC +5, unfitting armour, cold-blooded
a: no special abilities


You were on level 4 of the Dungeon.
You visited 1 branch of the dungeon, and saw 4 of its levels.

You collected 143 gold pieces.

Inventory:

Hand Weapons
 h - a +0 falchion
 r - a +1 dagger of draining (weapon)
Armour
 k - an orb of wrath
 m - a +0 pair of gloves (worn)
Jewellery
 l - a ring of ice
Wands
 t - a wand of digging (2)
Scrolls
 b - a scroll of acquirement {unknown}
 c - 3 scrolls of identify {unknown}
 g - 3 scrolls of fear {unknown}
 n - a scroll of summoning {unknown}
 o - 2 scrolls of amnesia {unknown}
 p - a scroll of blinking {unknown}
 q - a scroll of torment {unknown}
 v - a scroll of enchant weapon {unknown}
 w - a scroll of brand weapon {unknown}
Potions
 a - 2 potions of magic
 d - a potion of enlightenment
 e - a potion of mutation {unknown}
 f - a potion of resistance {unknown}
 i - a potion of cancellation {unknown}
 j - a potion of heal wounds {unknown}
 s - a potion of haste {unknown}


   Skills:
 * Level 1.7 Fighting
 + Level 0.8 Long Blades
 * Level 2.5 Dodging
 + Level 2.1 Stealth
 + Level 0.3 Unarmed Combat
 * Level 3.2 Spellcasting
 * Level 2.0 Conjurations
 * Level 4.1 Earth Magic


You had 6 spell levels left.
You knew the following spells:

 Your Spells              Type           Power      Damage    Failure   Level
a - Sandblast             Erth           32%        2d9       3%          1
b - Stone Arrow           Conj/Erth      26%        3d8       14%         3

Your spell library contained the following spells:

 Spells                   Type           Power      Damage    Failure   Level
 Passwall                 Erth           16%        N/A       10%         3
 Brom's Barrelling Bould  Conj/Erth      13%        2d4       43%         4
 Petrify                  Alch/Erth      9%         N/A       58%         4


Dungeon Overview and Level Annotations

Branches:
Dungeon (4/15)             Temple (0/1) D:4

Altars:
Elyvilon

Annotations:
D:3 3 runed translucent doors, TheBioAlchemist's ghost, weakling GrEE
D:4 Grinder; Ijyb


Innate Abilities, Weirdness & Mutations

Your plain brown scales are hard. (AC +5)
You cannot fit into any form of body armour.
You are cold-blooded and may be slowed by cold attacks.


Message History

You shrug off the repeated paralysis!
The phantom closely misses you.
Casting: Sandblast (safe; 3% risk of failure)
Confirm with . or Enter, or press ? or * to list all spells.
Aiming: Stone Arrow (dangerous; 14% risk of failure)
Press: ? - help, Shift-Dir - straight line, p - Grinder
Okay, then.
The phantom attacks as it pursues you! The phantom closely misses you.
Casting: Stone Arrow (dangerous; 14% risk of failure)
Confirm with . or Enter, or press ? or * to list all spells.
Aiming: Stone Arrow (dangerous; 14% risk of failure)
Press: ? - help, Shift-Dir - straight line, f/p - Grinder
Aim: Grinder (almost dead, 64% to hit)
You miscast Stone Arrow.
You are very lightly contaminated with residual magic.
Nothing appears to happen.
Grinder gestures at you.
You suddenly lose the ability to move!
The phantom hits you.
The phantom blinks!
You blink.
Grinder gestures at you. You resist with significant effort.
The phantom hits you but does no damage.
Grinder says, "Tell me all your secrets, or I'll kill you."
The phantom hits you.
The phantom blinks!
You blink.
Grinder gestures at you. Pain shoots through your body! The phantom hits you.
* * * LOW HITPOINT WARNING * * *
The phantom blinks!
You blink.
The phantom hits you.
* * * LOW HITPOINT WARNING * * *
You can move again.
Unknown command.
Grinder blinks!
The phantom barely misses you. The phantom attacks as it pursues you!
The phantom hits you.
* * * LOW HITPOINT WARNING * * *
The phantom blinks!
You blink.
It was a potion of enlightenment.
You feel very buoyant.
You fly up into the air.
Grinder blinks!
The phantom hits you.
You die...

.! ..(.....>..
###.######........
8###8#.#<............
.........###.........
g.....###..........
.......#.#.#......
#......#........
#######...............
#...W@......##.......>
#.....................
#...........###.......
#....5.....#####......
#.....##...§.)......§.
#.?...##..§##########.
#..§..##...# #
.......######
###.....#


You could see Grinder and a phantom.

Vanquished Creatures
  3 gnolls (D:2)
  3 adders (D:3)
  2 dart slugs
  3 ribbon worms (D:2)
  3 endoplasms (D:1)
  5 giant cockroaches
  7 goblins
  8 hobgoblins
  6 jackals
  3 kobolds (D:2)
  A quokka (D:1)
  7 ball pythons
  6 bats
  7 frilled lizards
  7 rats
71 creatures vanquished.

Vanquished Creatures (collateral kills)
  An ogre (D:4)
1 creature vanquished.

Grand Total: 72 creatures vanquished

Notes
Turn   | Place    | Note
-------+----------+-------------------------------------------
     0 | D:1      | Zdeegee the Draconian Earth Elementalist began the quest
                  | for the Orb.
     0 | D:1      | Reached XP level 1. HP: 14/14 MP: 3/3
     0 | D:1      | Noticed a large abomination
     0 | D:1      | Noticed a large abomination
     1 | D:1      | Noticed a large abomination
     2 | D:1      | Noticed a small abomination
     4 | D:1      | Noticed a large abomination
     4 | D:1      | Noticed a small abomination
     6 | D:1      | Noticed a large abomination
     7 | D:1      | Noticed a large abomination
     8 | D:1      | Noticed a large abomination
     9 | D:1      | Noticed a large abomination
    11 | D:1      | Noticed a large abomination
    13 | D:1      | Noticed a large abomination
    15 | D:1      | Noticed a large abomination
    15 | D:1      | Noticed a large abomination
    15 | D:1      | Noticed a large abomination
    17 | D:1      | Noticed a large abomination
    19 | D:1      | Noticed a large abomination
    19 | D:1      | Noticed a large abomination
   479 | D:1      | Reached XP level 2. HP: 20/20 MP: 3/5
  1054 | D:1      | Reached XP level 3. HP: 26/26 MP: 4/6
  1058 | D:1      | Learned a level 3 spell: Stone Arrow
  1137 | D:2      | Found a faded altar of an unknown god.
  1289 | D:2      | Reached XP level 4. HP: 19/34 MP: 0/7
  2151 | D:3      | Found a white marble altar of Elyvilon.
  2159 | D:3      | Reached skill level 1 in Fighting
  2398 | D:3      | Found a runed translucent gate.
  2399 | D:3      | Found a runed translucent gate.
  2399 | D:3      | Noticed TheBioAlchemist's ghost (weakling GrEE)
  2400 | D:3      | Found a runed translucent gate.
  2636 | D:3      | Reached XP level 5. HP: 40/40 MP: 7/9
  2716 | D:4      | Found a staircase to the Ecumenical Temple.
  2721 | D:4      | Noticed Grinder
  2730 | D:4      | Noticed an ogre
  2741 | D:4      | Killed an ogre
  2742 | D:4      | Reached skill level 4 in Earth Magic
  2749 | D:4      | Paralysed by Grinder for 5 turns
  2786 | D:4      | Noticed a phantom
  2788 | D:4      | Paralysed by Grinder for 4 turns
  2802 | D:4      | Paralysed by Grinder for 4 turns
  2806 | D:4      | Noticed Ijyb
  2810 | D:4      | Paralysed by Grinder for 5 turns
  2817 | D:4      | HP: 2/41 [phantom (6)]
  2818 | D:4      | Slain by a phantom

Illustrated notes

Levels and vault maps discovered:
D:1:      shiori_arrival_whats_in_store_for_you, layout_basic
D:2:      layout_loops_ring, hellmonk_ecumenical_altar_run_dry
D:3:      layout_rooms, overflow_temple_1_default, gammafunk_ghost_split
D:4:      layout_rooms, minmay_temple_entry_trees, corexii_hall_statues_l,
          uniq_ijyb, uniq_grinder, uniq_eustachio

Skill      XL: |  1  2  3  4  5 |
---------------+----------------+-----
Stealth        | 2 |  2.1
Dodging        | 2 |  2.5
Fighting       | 1 |  1.7
Spellcasting   | 3 |  3.2
Conjurations   | 2 |  2.0
Earth Magic    | 4 |  4.1
Long Blades    | |  0.8
Unarmed Combat | |  0.3

Action                     |  1- 3 |  4- 6 || total
---------------------------+-------+-------++-------
  Melee: Unarmed           |    28 |     2 ||    30
         Tailslap          |     5 |     1 ||     6
         Falchion          |       |     9 ||     9
         Dagger            |       |     1 ||     1
   Cast: Sandblast         |    42 |    52 ||    94
         Stone Arrow       |       |     3 ||     3
  Evoke: Wand              |       |     9 ||     9
    Use: Potion            |       |     1 ||     1
   Stab: Sleeping          |     1 |       ||     1
 Armour: Skin              |    21 |    34 ||    55
  Dodge: Dodged            |    36 |    25 ||    61
